[Event "Tsaghkadzor Open 2024"]
[Site "Tsaghkadzor"]
[Date "2024.10.02"]
[Round "1.1"]
[White "Ghimoyan, Narek"]
[Black "Lysyj, Igor"]
[Result "1/2-1/2"]
[ECO "D39"]
[WhiteElo "2177"]
[BlackElo "2589"]
[Annotator "TA"]
[PlyCount "67"]
[EventDate "2024.09.13"]
[EventType "swiss"]
[EventCountry "ARM"]
[SourceTitle "playchess.com"]
[Source "ChessBase"]
[SourceQuality "1"]
[TimeControl "40/5400+30:1800+30"]

1. d4 Nf6 2. c4 e6 3. Nf3 d5 4. Nc3 Bb4 5. Bg5 dxc4 6. e4 h6 7. Bxf6 Qxf6 8. Bxc4 c5 9. O-O {[%emt 0:00:30] Hoping for Nb5.} cxd4 10. e5 Qe7 11. Qxd4 {[%emt 0:00:30] The position is equal.} Bd7 12. Ne4 {[%emt 0:00:30] Black must now prevent a3.} O-O {[%emt 0:00:30] [#]} 13. Nf6+ $1 Kh8 $1 (13... gxf6 $2 {perishes.} 14. exf6 Rc8 15. Qg4+ (15. fxe7 Bxe7 16. Qg4+ Kf8 $18) 15... Kf8 16. Qg7+ (16. fxe7+ Bxe7 17. Qf4 Kg7 $18) 16... Ke8 17. fxe7 $18) 14. Nxd7 Nxd7 {[%emt 0:00:30] Black is weak on the light squares} 15. a3 Ba5 16. b4 Bb6 17. Qe4 Rab8 (17... Rfb8 $11) 18. Rfd1 {[%emt 0:00:30] White is more active.} (18. Bd3 $1 $14 g6 19. h4) 18... Rfd8 $11 19. g3 a5 20. Bb5 axb4 21. axb4 Nf8 22. Kg2 Kg8 23. h4 Rxd1 24. Rxd1 Rd8 25. Rxd8 Bxd8 26. Qd4 Qc7 27. Nd2 f6 28. exf6 Bxf6 29. Qe4 Qd6 30. Nf3 Bc3 31. Qxb7 {[%emt 0:00:30] White is slightly better.} Qxb4 32. Qc6 Bf6 33. Bc4 Kf7 34. Qc7+ {[%emt 0:00:30] Weighted Error Value: White=0.09 (flawless) /Black=0.08 (flawless) .  Mistake:       	White=1     	Black=1      Inaccurate:     	---       	Black=1      OK:         	White=5     	Black=11     Strong:       	---       	Black=1} 1/2-1/2

[Event "Tsaghkadzor Open 2024"]
[Site "Tsaghkadzor"]
[Date "2024.10.02"]
[Round "1.2"]
[White "Karthik Venkataraman"]
[Black "Alikhanyan, Artak"]
[Result "1-0"]
[ECO "A11"]
[WhiteElo "2581"]
[BlackElo "2172"]
[Annotator "TA"]
[PlyCount "97"]
[EventDate "2024.09.13"]
[EventType "swiss"]
[EventCountry "ARM"]
[SourceTitle "playchess.com"]
[Source "ChessBase"]
[SourceQuality "1"]
[TimeControl "40/5400+30:1800+30"]

1. c4 c6 2. g3 Nf6 3. Bg2 d5 4. Nf3 Bf5 5. O-O e6 6. Nc3 dxc4 7. Nh4 Bg4 8. b3 {[%emt 0:00:30] The position is equal.} cxb3 9. Qxb3 Qb6 10. Qc2 {[%emt 0:00:30][%mdl 1024] White has compensation.} Nbd7 11. h3 Bh5 12. Rb1 Qa6 13. d4 Nd5 $2 (13... Rd8 $11) 14. Nxd5 ({White has to play} 14. Bxd5 $1 $16 exd5 (14... cxd5 $2 15. Nb5 $18) 15. e4) 14... cxd5 $14 15. g4 $36 {[%emt 0:00:30][%mdl 2048] White has good play.} Be7 16. gxh5 Bxh4 17. e4 $1 O-O 18. exd5 exd5 19. Bxd5 Rad8 20. Bxb7 {[%emt 0:00:30] White is more active. This pair of bishops is nice.} (20. Rxb7 {with more complications.} Nb6 21. Bg2 Bf6 22. h6) 20... Qa5 (20... Qf6 $14) 21. d5 $1 $16 Bf6 22. Bd2 Qa3 23. Rb3 Qd6 {[%emt 0:00:30] Black is weak on the light squares} (23... Qc5 $16 24. Qf5 Rfe8) 24. Bb4 $18 Qf4 25. Bxf8 Be5 {[%emt 0:00:30] [#]} 26. Rg3 $1 Rxf8 (26... Nxf8 27. Qe2) 27. Qe2 (27. d6 $18 {is more deadly.}) 27... Nc5 (27... Qb4 $16 28. Bc6 (28. Rb3 Qf4 $14) 28... Bxg3 29. fxg3 (29. Bxd7 Bc7 $11) 29... Qd6) 28. Re1 Bd6 29. Bc6 f5 (29... Qh4 $16 {was necessary.}) 30. Qe3 Qh4 {[%emt 0:00:30][%cal Oc5e4] [#]} 31. h6 $1 g6 {[%emt 0:00:30] [#]} 32. Rf3 ({Better is} 32. Bd7 $1 $18 {[%cal Rd7e6] Hoping for Be6+.} Qf6 33. Be6+ Nxe6 34. dxe6 (34. Qxe6+ Qxe6 35. Rxe6 Bxg3 $16)) 32... Ne4 {[%emt 0:00:30] [#]} (32... Rf7 $16 33. Kg2 Re7) 33. Bd7 $1 ({Weaker is} 33. Qxa7 Qxh6 34. Qe3 Ng5 $16) 33... Bc5 34. Be6+ Kh8 35. Qf4 Qxf4 36. Rxf4 Rb8 37. Rc1 {[%emt 0:00:30][%cal Of4e4] Black must now prevent Rxe4!} Bf8 38. Rf3 {[%emt 0:00:30] aiming for Rb3.} Bxh6 39. Rb3 Rxb3 40. Rc8+ Kg7 41. axb3 {[%emt 0:30:30][%mdl 4096] Endgame. KRB-KBN} a5 42. f3 Nc5 43. Kf2 ({Stronger than} 43. Rxc5 Be3+ 44. Kf1 Bxc5 $11) 43... Nd3+ 44. Kf1 Kf6 45. Bg8 Bf4 46. Bxh7 Nc1 {[%emt 0:00:30] [#]} 47. d6 $1 {[%emt 0:00:30] White threatens d7 and mate.} Ke6 48. Bxg6 Kxd6 49. Bf7 {[%emt 0:00:30] Weighted Error Value: White=0.13 (very precise) /Black=0.29 (precise) .  Mistake:       	White=3     	Black=6      Inaccurate:     	White=1     	Black=1      OK:         	White=23    	Black=18     Best:        	White=2     	Black=5      Strong:       	White=2     	---} ({Resist} 49. Bxf5 Nxb3 50. Be4 Ke7 $18) 1-0

[Event "Tsaghkadzor Open 2024"]
[Site "Tsaghkadzor"]
[Date "2024.10.02"]
[Round "1.3"]
[White "Nalbandyan, Vahan"]
[Black "Gabuzyan, Hovhannes"]
[Result "1/2-1/2"]
[ECO "B37"]
[WhiteElo "2160"]
[BlackElo "2579"]
[Annotator "RC"]
[PlyCount "99"]
[EventDate "2024.09.13"]
[EventType "swiss"]
[EventCountry "ARM"]
[SourceTitle "playchess.com"]
[Source "ChessBase"]
[SourceQuality "1"]
[TimeControl "40/5400+30:1800+30"]

1. e4 c5 2. Nf3 Nc6 3. d4 cxd4 4. Nxd4 g6 5. c4 Nf6 6. Nc3 d6 7. Nc2 Bg7 8. Be2 Nd7 9. Bd2 Nc5 10. b4 Ne6 11. O-O O-O 12. Rb1 Ned4 13. Nxd4 Nxd4 14. Bd3 a5 15. bxa5 Rxa5 16. a4 Ne6 17. Nd5 Ra8 18. Bc2 Re8 19. Be3 Nc5 20. Nb6 Ra7 21. f4 Qc7 22. Nd5 Qd8 23. e5 Bd7 24. Nb6 Bc6 25. Qe2 Ra6 26. Bxc5 dxc5 27. Rfd1 Rxb6 28. Rxd8 Rxb1+ 29. Rd1 Rb2 30. Qd3 e6 31. Qc3 Ra2 32. a5 Ra8 33. Ra1 Rxa1+ 34. Qxa1 Rd8 35. a6 bxa6 36. Qxa6 Bxg2 37. Qa5 Ra8 38. Qxc5 Bf8 39. Qb5 Bh3 40. Be4 Ra3 41. Kf2 Rc3 42. Ke2 Bh6 43. Kd2 Ra3 44. Qe8+ Kg7 45. Qe7 Bxf4+ 46. Kc2 Re3 47. Qf6+ Kg8 48. Qd8+ Kg7 49. Qf6+ Kg8 50. Qd8+ 1/2-1/2

[Event "Tsaghkadzor Open 2024"]
[Site "Tsaghkadzor"]
[Date "2024.10.02"]
[Round "1.4"]
[White "Andriasian, Zaven"]
[Black "Ambartsumian, Tyhran"]
[Result "1-0"]
[ECO "C54"]
[WhiteElo "2558"]
[BlackElo "2156"]
[Annotator "TA"]
[PlyCount "45"]
[EventDate "2024.09.13"]
[EventType "swiss"]
[EventCountry "ARM"]
[SourceTitle "playchess.com"]
[Source "ChessBase"]
[SourceQuality "1"]
[TimeControl "40/5400+30:1800+30"]

1. e4 e5 2. Nf3 Nc6 3. Bc4 Bc5 4. d3 Nf6 5. Nbd2 d6 6. c3 a5 7. h3 h6 8. Nf1 d5 {[%emt 0:13:09] The position is equal.} 9. exd5 Nxd5 10. Ng3 O-O $1 11. O-O Nf6 12. Re1 Qd6 13. Nh4 {[%emt 0:06:37] Black must now prevent Nhf5.} b5 $1 14. Bb3 {[%emt 0:05:31] [#] Nhf5 would now be deadly.} a4 $1 15. Bc2 Bb7 $2 {[%emt 0:00:58][%mdl 8192] This costs Black the game.} (15... Ne7 $11 {and Black stays safe.}) 16. Ngf5 $18 Qd5 17. Qd2 {[%emt 0:07:01][%cal Of5g7] Strongly threatening Nxg7!} g6 (17... Ne7 18. Nxg7 Ng6) 18. Qxh6 {[%emt 0:03:13][%csl Gf5][%cal Rh6g7] [#]} gxf5 19. Qg5+ {[%emt 0:00:49] White mates.} Kh7 20. Qxf5+ Kg7 21. Qg5+ Kh7 22. d4+ e4 23. Qxf6 {[%emt 0:01:24] Weighted Error Value: White=0.08 (flawless) /Black=0.54.  Loses game:     	---       	Black=1      Mistake:       	---       	Black=1      Inaccurate:     	White=1     	Black=1      OK:         	White=5     	Black=1      Best:        	White=1     	---        Strong:       	---       	Black=3} (23. Nf5 $142 Qxf5 24. Qxf5+ Kg7 25. Bh6+ (25. dxc5 Ne7 $18) (25. Qg5+ Kh7 26. Bxe4+ Kh8 27. Qxf6+ Kg8 28. Qg5+ Kh8 29. Qh6+ Kg8 30. Qh7#) 25... Kxh6 26. Qxf6+ (26. Qxc5 Rg8 $18) 26... Kh7 27. Rxe4 (27. dxc5 Ne5 $18) (27. Bxe4+ Kg8 28. Qg5+ Kh8 29. Qh6+ Kg8 30. Qh7#) 27... Rae8 28. Rg4+ Re4 29. Bxe4#) 1-0

[Event "Tsaghkadzor Open 2024"]
[Site "Tsaghkadzor"]
[Date "2024.10.02"]
[Round "1.5"]
[White "Manukyan, Artyom"]
[Black "Nozdrachev, Vladislav"]
[Result "1/2-1/2"]
[ECO "C54"]
[WhiteElo "2155"]
[BlackElo "2515"]
[Annotator "TA"]
[PlyCount "72"]
[EventDate "2024.09.13"]
[EventType "swiss"]
[EventCountry "ARM"]
[SourceTitle "playchess.com"]
[Source "ChessBase"]
[SourceQuality "1"]
[TimeControl "40/5400+30:1800+30"]

1. e4 e5 2. Nf3 Nc6 3. Bc4 Bc5 4. c3 Nf6 5. d4 exd4 6. e5 d5 7. Bb5 Ne4 8. cxd4 Bb6 9. Nc3 O-O 10. Be3 Bg4 11. h3 Bh5 12. Qc2 Bg6 {[%emt 0:00:08] [#] Strongly threatening ...Nxc3.} 13. Qb3 Nxc3 (13... Ne7 $11) 14. Bxc6 $1 $14 Ba5 {[%emt 0:04:37] ...Ne4+ is the strong threat.} 15. Bd2 (15. Bxb7 Ne4+ 16. Kf1 Rb8 17. Qxd5 Qxd5 18. Bxd5 Rxb2 $14) (15. Qxb7 $16 {And now Qa6 would win.} Nxa2+ 16. Nd2 Bxd2+ 17. Bxd2) 15... bxc6 $11 16. Bxc3 Rb8 17. Qa3 Bxc3+ 18. Qxc3 Be4 19. O-O c5 20. Nd2 (20. Qxc5 Bxf3 (20... Rxb2 21. Qa3 $11) 21. gxf3 Qg5+ (21... Rxb2 22. f4 $11) 22. Kh2 Qf4+ 23. Kg2 Rb6 $15 (23... Rxb2 24. Qxd5 Qg5+ 25. Kh1 $11)) 20... cxd4 21. Qxd4 c5 $1 22. Qe3 (22. Qxc5 Bxg2 (22... Rxb2 23. Nxe4 dxe4 24. Qxa7 $14) 23. Kxg2 Qg5+ (23... Rxb2 $2 {is the wrong capture.} 24. Nf3 $18) 24. Kh1 Qxd2) 22... Bf5 23. Nb3 d4 24. Qf3 {[%emt 0:00:00] [#]} Be6 ({Better is} 24... Bc2 $1 $17 25. Rac1 d3) 25. Nxc5 {[%emt 0:00:00] The position is equal.} Rxb2 26. Nxe6 fxe6 27. Qc6 Qb6 28. Qxb6 axb6 {[%emt 0:00:05][%mdl 4096] Endgame. KRR-KRR} 29. Rad1 Rf4 30. a4 Re4 31. Rb1 Ree2 32. Rfd1 Rxb1 33. Rxb1 d3 34. Rd1 Rxe5 35. Rxd3 Re4 36. Rb3 Rxa4 {[%emt 0:25:41] Weighted Error Value: White=0.10 (very precise) /Black=0.12 (very precise) .  Mistake:       	White=1     	Black=2      Inaccurate:     	White=2     	Black=1      OK:         	White=15    	Black=9      Best:        	---       	Black=2      Strong:       	White=1     	Black=1} 1/2-1/2

[Event "Tsaghkadzor Open 2024"]
[Site "Tsaghkadzor"]
[Date "2024.10.02"]
[Round "1.6"]
[White "Lobanov, Sergei"]
[Black "Kazarjan, Gachatur"]
[Result "1-0"]
[ECO "E91"]
[WhiteElo "2506"]
[BlackElo "2155"]
[Annotator "TA"]
[PlyCount "87"]
[EventDate "2024.09.13"]
[EventType "swiss"]
[EventCountry "ARM"]
[SourceTitle "playchess.com"]
[Source "ChessBase"]
[SourceQuality "1"]
[TimeControl "40/5400+30:1800+30"]

1. d4 d6 2. Nf3 Nf6 3. c4 g6 4. Nc3 Bf5 5. e3 Bg7 6. Bd3 Bd7 7. O-O O-O 8. e4 Bg4 9. Be2 Nfd7 10. Be3 Nc6 11. d5 Bxf3 12. Bxf3 Nce5 (12... Na5 $11) 13. Be2 $16 Nb6 {[%emt 0:00:40] [#]} 14. Bd4 (14. Qb3 $1 $16) 14... c5 $1 $11 {[%emt 0:01:24] White has an edge.} 15. dxc6 Nxc6 16. Bxg7 Kxg7 17. Qd2 Nd7 18. Rfd1 {[%emt 0:10:32] White is more active.} (18. Rad1 $16) 18... a5 19. Nd5 a4 20. Rac1 Qa5 21. Rc3 (21. Qf4 {is more complex.} Rfd8 22. Rd2 e6 23. Nc3) 21... e6 {[%emt 0:07:26][%cal Od7c5] ...Nc5! would now be deadly.} (21... Rh8 {looks sharper.} 22. Qf4 e6 23. Ne3 Rad8) 22. Ne3 Nf6 23. f3 Rfd8 24. Rd3 Qc5 25. Kf2 Ne5 {[%emt 0:02:48] Excellent horsemanship.} 26. Rd4 Ra6 27. g3 Rb6 28. Qc3 Kf8 29. Kg2 Ke7 30. f4 Nc6 {[%emt 0:01:08] [#]} 31. e5 $1 Ne8 {[%emt 0:04:47] [#]} 32. Nd5+ $1 exd5 {[%emt 0:00:39] The position is equal.} 33. Rxd5 {[%emt 0:00:02] aiming for exd6+.} Qb4 {[%emt 0:00:45] ...Qxc3 is the strong threat.} 34. exd6+ Rxd6 35. Rxd6 Nxd6 36. Qe3+ Kf8 37. Rxd6 Qxd6 ({Don't go for} 37... Qxb2 $2 38. Rd2 Qb1 39. Bd3 $18) 38. Qxb6 {[%emt 0:00:03][%mdl 4096] Endgame. KQB-KQN} Qd2 39. Kf1 Nd4 40. Qd6+ Kg8 41. Qb8+ Kg7 42. Qe5+ Kg8 43. Qe8+ Kg7 44. Qe5+ {[%emt 0:00:08][%mdl 32768] Weighted Error Value: White=0.10 (very precise) /Black=0.08 (flawless) .  Mistake:       	White=2     	---        Inaccurate:     	White=2     	Black=2      OK:         	White=13    	Black=14     Best:        	White=1     	Black=2      Strong:       	---       	Black=1      Brilliant:      	White=1     	---       . Loss on time!?} 1-0

[Event "Tsaghkadzor Open 2024"]
[Site "Tsaghkadzor"]
[Date "2024.10.02"]
[Round "1.7"]
[White "Hakobyan, Menua"]
[Black "Pour Agha Bala, Amirreza"]
[Result "1/2-1/2"]
[ECO "B75"]
[WhiteElo "2141"]
[BlackElo "2506"]
[Annotator "TA"]
[PlyCount "57"]
[EventDate "2024.09.13"]
[EventType "swiss"]
[EventCountry "ARM"]
[SourceTitle "playchess.com"]
[Source "ChessBase"]
[SourceQuality "1"]
[TimeControl "40/5400+30:1800+30"]

1. e4 c5 2. Nf3 d6 3. d4 cxd4 4. Nxd4 Nf6 5. Nc3 g6 6. Be3 Nc6 7. f3 h5 8. Bc4 Bd7 9. Qd2 Ne5 10. Bb3 Rc8 11. O-O-O Bg7 12. Kb1 Nc4 13. Bxc4 Rxc4 14. h3 {[%emt 0:00:08] White is better.} h4 15. Rhe1 Rh5 16. Nde2 Ra5 17. Bd4 Kf8 18. f4 Be6 (18... Ra6 $142) 19. Qe3 $16 Qc8 (19... Rc6 $16) 20. Nc1 (20. Bxa7 Nxe4 21. Bd4 (21. Nxe4 $2 Rxe4 22. Qxe4 Bf5 $19) 21... Bxd4 22. Rxd4 Nxc3+ 23. Nxc3 Qc5 24. Rxc4 Qxe3 (24... Qxc4 25. Qf2 $11) 25. Rxe3 Bxc4 $19) (20. b3 $1 $18 Rc7 21. a4 (21. Bxa7 $2 Nxe4 22. Qxe4 Rxa7 $19)) 20... b5 $14 21. f5 (21. Bxa7 Nxe4 22. Nd5 (22. Nxe4 $2 Rxc2 23. Nc3 Rxc3 $19) 22... Bxd5 $19 (22... Rxc2 $2 23. Bd4 $19)) 21... b4 22. fxe6 bxc3 23. b3 Rc6 (23... Rb5 $14) 24. exf7 (24. Bxa7 fxe6 (24... Qxe6 25. Bd4 $14) 25. Qf2 Qb7 $17) (24. Ne2 $1 $16) 24... e5 $11 25. Qg5 $1 {[%emt 0:00:08] Bf2 would now be deadly. The board is on fire.} Rca6 $2 (25... Qa6 $11 26. Be3 Rb5) 26. Be3 $18 Qc7 {[%emt 0:01:43][%cal Oa5a2] [#] ( -> ...Rxa2!)} 27. Rd3 $2 (27. Qxh4 {is a self mate.} Rxa2) (27. Rd5 $1 $18) 27... Nxe4 $14 {[%emt 0:07:03] [#]} 28. Qxh4 {[%emt 0:03:48] White is more active.} (28. Qxg6 $2 {is the wrong capture.} Rxa2 29. Nxa2 Qa5 $19) ({White should play} 28. Qg4 $1 $16 d5 29. Rf1) 28... Rxa2 $1 29. Nxa2 {[%emt 0:00:04] Weighted Error Value: White=0.28 (precise) /Black=0.26 (precise) .  Loses game:     	---       	Black=1      Missed win:     	White=1     	---        Mistake:       	White=3     	Black=3      Inaccurate:     	---       	Black=1      OK:         	White=10    	Black=5      Best:        	---       	Black=3      Strong:       	White=1     	Black=1} 1/2-1/2

[Event "Tsaghkadzor Open 2024"]
[Site "Tsaghkadzor"]
[Date "2024.10.02"]
[Round "1.8"]
[White "Gharibyan, Mamikon"]
[Black "Tovmasyan, Karen"]
[Result "1/2-1/2"]
[ECO "D93"]
[WhiteElo "2472"]
[BlackElo "2141"]
[Annotator "TA"]
[PlyCount "90"]
[EventDate "2024.09.13"]
[EventType "swiss"]
[EventCountry "ARM"]
[SourceTitle "playchess.com"]
[Source "ChessBase"]
[SourceQuality "1"]
[TimeControl "40/5400+30:1800+30"]

1. d4 d5 2. Nf3 Nf6 3. Bf4 c6 4. e3 g6 5. c4 Bg7 6. Nc3 O-O 7. Rc1 Be6 8. Qb3 b6 9. Be2 a5 10. Ng5 {[%emt 0:00:00] Nxe6 would now be deadly.} a4 11. Qd1 ({Much worse is} 11. Nxa4 dxc4 12. Qd1 (12. Qxb6 Rxa4 13. Qxd8 Rxd8 $14) (12. Bxc4 $2 Bxc4 13. Qxc4 b5 $19) (12. Nxe6 $2 cxb3 13. Nxd8 bxa2 $17) 12... Bf5 $15) 11... Bd7 12. O-O ({Much weaker is} 12. Nxa4 h6 13. Nf3 dxc4 $11) (12. cxd5 {simplifies} Nxd5 13. Nxd5 cxd5 14. Nf3) 12... dxc4 13. Bxc4 b5 14. Be2 {[%emt 0:00:00] White has more active pieces.} h6 {[%emt 0:01:03] [#]} 15. Nge4 (15. Nf3 $1 $16) 15... Nxe4 $14 16. Nxe4 Be6 17. b3 Nd7 18. Nc5 (18. Rxc6 Bd5 19. Qc2 (19. Bc7 $2 Qc8 $17) 19... axb3 20. axb3 Bxc6 21. Qxc6 b4 $11) 18... Nxc5 19. Rxc5 axb3 20. axb3 Ra3 21. Rxc6 Bxb3 22. Qc1 b4 23. Bf3 Bd5 {[%emt 0:05:57] The position is equal.} 24. Bxd5 Qxd5 25. Qc4 Qxc4 26. Rxc4 b3 27. Rb1 g5 28. Bg3 f5 29. Kf1 h5 {[%emt 0:01:29] aiming for ...f4.} 30. h3 f4 31. exf4 h4 32. Bh2 gxf4 33. Rb4 f3 34. R4xb3 fxg2+ 35. Kxg2 Ra2 36. R1b2 Rxb2 37. Rxb2 Bxd4 $11 {[%emt 0:00:03][%mdl 4096] Endgame. KRB-KRB} 38. Re2 Rf5 39. f4 Kf7 40. Kf3 {[%emt 0:00:00] [#] And now Ke4 would win.} Rb5 41. Kg4 Bf6 42. Bg1 Rb4 43. Kf3 Kg6 44. Bc5 Rb3+ 45. Re3 Rxe3+ {[%emt 0:14:42] Weighted Error Value: White=0.07 (flawless) /Black=0.06 (flawless) .  Mistake:       	White=1     	Black=1      Inaccurate:     	White=1     	---        OK:         	White=18    	Black=19     Best:        	---       	Black=2} 1/2-1/2